 Dungeon Crawl Stone Soup version 0.19.5 (webtiles) character file.

58 JeffiDaFish the Skirmisher (level 4, 0/29 HPs)
             Began as a Gargoyle Fighter on Mar 7, 2017.
             Slain by Sigmund
             ... wielding a +0 scythe
              (6 damage)
             ... on level 3 of the Dungeon.
             The game lasted 00:04:02 (1657 turns).

JeffiDaFish the Skirmisher (Gargoyle Fighter)       Turns: 1657, Time: 00:04:03

Health: 0/29       AC: 14    Str: 21 (24) XL:     4   Next: 2%
Magic:  4/4        EV:  7    Int:  6 (8)  God:
Gold:   72         SH:  9    Dex:  8 (10) Spells: 0 memorised, 3 levels left

rFire  . . .     SeeInvis .     a - +0 flail
rCold  . . .     Gourm    .     b - +0 scale mail
rNeg   + . .     Faith    .     c - +0 shield
rPois  ∞         Spirit   .     j - +2 helmet
rElec  +         Reflect  .     (no cloak)
rCorr  .         Harm     .     (no gloves)
MR     .....                    g - +0 pair of boots
Stlth  ..........               (no amulet)
                                (no ring)
                                k - +4 ring of strength

@: exhausted, slowed, very slow
A: negative energy resistance 1, electricity resistance, unbreathing,
petrification resistance, rot immunity, AC +3
a: no special abilities


You were on level 3 of the Dungeon.
You were not hungry.

You visited 1 branch of the dungeon, and saw 3 of its levels.

You collected 72 gold pieces.

Inventory:

Hand Weapons
 a - a +0 flail (weapon)
Armour
 b - a +0 scale mail (worn)
 c - a +0 shield (worn)
 g - a +0 pair of boots (worn)
 j - a +2 helmet (worn)
Jewellery
 k - a +4 ring of strength (left hand)
Scrolls
 l - 2 scrolls of identify
Potions
 d - a potion of might
 e - a potion of invisibility
 m - a potion of cancellation
Comestibles
 f - 2 bread rations
 h - a chunk of flesh
 i - a meat ration


   Skills:
 + Level 3.8 Fighting
 + Level 2.8 Maces & Flails
 + Level 3.7 Armour
 + Level 0.1 Dodging
 + Level 3.7 Shields


You had 3 spell levels left.
You didn't know any spells.

Dungeon Overview and Level Annotations

Branches:
Dungeon (3/15)

Altars:

Annotations:
D:3 Sigmund


Innate Abilities, Weirdness & Mutations

You are resistant to torment.
Your stone body is resilient. (AC +3)
You are immune to poison.
You resist negative energy. (rN+)
You are resistant to electric shocks. (rElec)
You can survive without breathing.
You are immune to petrification.
You are immune to rotting.


Message History

The orc barely misses you. x2; Something hits you but does no damage.
The orc hits you but does no damage. The orc barely misses you.
You block the orc's attack. The orc hits you but does no damage.
Something hits you! The orc hits you but does no damage.
You hit the orc.
The orc is heavily wounded.
You block the adder's attack. The orc closely misses you. Something hits you.
The orc hits you but does no damage. The adder bites you but does no damage.
You hit the orc.
You kill the orc!
You have reached level 4!
You feel stronger. You block the adder's attack.
Something hits you but does no damage. The orc hits you but does no damage.
The adder bites you but does no damage. The orc hits you but does no damage. x2
The adder closely misses you. The adder bites you.
The orc hits you with a dagger.
* * * LOW HITPOINT WARNING * * *
Something hits you.
You die...

.# .#.### .......
#####+##.#.#.#..
#...............
#........#.#.#.#
#..............#.
##..oo...#.#.#...
##.@S...........
#..............
#..............
#..............
######.#.......
#####.#.......
#.............
##..##.######.#
#......# #


You could see an adder and 2 orcs.

Vanquished Creatures
  2 oozes (D:1)
  A worm (D:2)
  2 dart slugs (D:1)
  2 leopard geckos (D:1)
  An orc (D:3)
  A ball python (D:2)
  5 bats
  6 giant cockroaches
  3 goblins
  3 hobgoblins (D:1)
  2 jackals (D:2)
  A frilled lizard (D:2)
  3 kobolds
  7 rats
39 creatures vanquished.

Notes
Turn   | Place    | Note
-------+----------+-------------------------------------------
     0 | D:1      | JeffiDaFish the Gargoyle Fighter began the quest for the Orb.
     0 | D:1      | Reached XP level 1. HP: 14/14 MP: 1/1
   381 | D:1      | Reached XP level 2. HP: 19/19 MP: 2/2
   534 | D:1      | Reached XP level 3. HP: 24/24 MP: 3/3
  1650 | D:3      | Noticed Sigmund
  1656 | D:3      | Reached XP level 4. HP: 10/29 MP: 4/4
  1657 | D:3      | Slain by Sigmund

Action                   |  1- 3 |  4- 6 || total
-------------------------+-------+-------++-------
Melee: Flail             |   143 |       ||   143
  Use: Potion            |     8 |       ||     8
       Scroll            |     5 |       ||     5
  Eat: Chunk             |     3 |       ||     3
Armor: Scale mail        |   101 |     5 ||   106
Dodge: Dodged            |    66 |     1 ||    67
Block: Shield            |    92 |     1 ||    93
